 Dungeon Crawl Stone Soup version 0.25-b1-46-gb8a1ec05df (webtiles) character file.

Game seed: 14522737186570208155

696 Descartes the Thaumaturge (level 7, 0/36 HPs)
             Began as a Deep Elf Wanderer on June 9, 2020.
             Slain by a sky beast (4 damage)
             ... on level 6 of the Dungeon.
             The game lasted 00:15:25 (4784 turns).

Descartes the Thaumaturge (Deep Elf Wanderer)       Turns: 4784, Time: 00:15:26

Health: 0/36       AC:  4    Str:  9    XL:     7   Next: 37%
Magic:  20/20      EV: 15    Int: 22    God:
Gold:   235        SH:  0    Dex: 11    Spells: 12/22 levels left

rFire    + . .     SeeInvis .   h - +2 short sword (protect)
rCold    x . .     Gourm    .   (no shield)
rNeg     . . .     Faith    .   d - +0 robe
rPois    .         Spirit   .   (no helmet)
rElec    .         Reflect  .   (no cloak)
rCorr    .         Harm     .   w - +0 pair of gloves
MR       .....                  v - +0 pair of boots
Stlth    ++........             (no amulet)
HPRegen  0.12/turn              y - ring of fire
MPRegen  0.17/turn              B - +4 ring of evasion

@: no status effects
A: talons 1, wild magic 1
a: no special abilities


You were on level 6 of the Dungeon.
You were very hungry.

You visited 1 branch of the dungeon, and saw 6 of its levels.

You collected 235 gold pieces.

Inventory:

Hand Weapons
 a - a +0 dagger
 h - a +2 short sword of protection (weapon)
 x - a +0 hunting sling
Missiles
 e - 155 stones (quivered)
 i - 50 arrows
 p - 19 poisoned darts
 t - 3 curare-tipped darts
Armour
 d - a +0 robe (worn)
 o - a +2 tower shield
 v - a +0 pair of boots (worn)
 w - a +0 pair of gloves (worn)
Jewellery
 g - an uncursed ring of stealth
 y - a ring of fire (left hand)
 B - a +4 ring of evasion (right hand)
Scrolls
 b - a scroll of fear {unknown}
 j - a scroll of immolation
 k - a scroll of blinking
 m - a scroll of random uselessness {unknown}
 n - a scroll of remove curse
 D - a scroll of enchant weapon {unknown}
Potions
 c - 2 potions of flight
 q - a potion of mutation
 r - a potion of might {unknown}
 s - 2 potions of stabbing {unknown}
 A - a potion of curing {unknown}
 C - a potion of haste {unknown}
Comestibles
 f - 7 rations


   Skills:
 + Level 4.4 Stealth
 * Level 3.4 Shields
 + Level 8.4 Spellcasting
 + Level 3.4 Conjurations
   Level 2.6 Hexes
   Level 1.2 Necromancy
 + Level 0.2 Translocations
 + Level 3.1 Air Magic
   Level 1.1 Evocations


You had 12 spell levels left.
You knew the following spells:

 Your Spells              Type           Power        Failure   Level  Hunger
a - Shock                 Conj/Air       ####         3%          1    None
b - Blink                 Tloc           N/A          14%         2    None
c - Mephitic Cloud        Conj/Pois/Air  ###.....     13%         3    None
d - Conjure Flame         Conj/Fire      ####....     16%         3    None
e - Magic Dart            Conj           ####         3%          1    None

Your spell library contained the following spells:

 Spells                   Type           Power        Failure   Level  Hunger
 Slow                     Hex            ####....     6%          2    None
 Call Imp                 Summ           ##......     16%         2    None


Dungeon Overview and Level Annotations

Branches:
Dungeon (6/15)
 Temple: D:4-7

Altars:
Dithmenos

Annotations:
D:3 Ijyb
D:5 Sigmund


Innate Abilities, Weirdness & Mutations

You have sharp toenails.
Your spells are a little harder to cast, but a little more powerful.


Message History

The scroll dissolves into smoke.
It was a scroll of fog.
The sky beast barely misses you.
There is a stone staircase leading down here.
The sky beast closely misses you.
You climb downwards.
Reactivating autopickup.
A gnoll comes into view. It is wielding a +0 spear.
Found 2 sedimented blue potions and 14 stones.
Found a stone staircase leading down and a stone staircase leading up.
There is a stone staircase leading up here.
The gnoll shouts!
Found a ration.
Found 20 gold pieces.
A gnoll comes into view. It is wielding a +0 whip.
Found 10 gold pieces.
There is a stone staircase leading up here.
The sky beast flickers out of sight!
Deactivating autopickup; reactivate with Ctrl-A.
Something hits you.
You die...

..#......P#.
....$......
#.......P# ..
#........##.#
#.........P.P $
#...........
#.#........(#
##...@{......#
#.%..........#
#.##..!......##
#
#..........####
##....g####
#.#####......#
# .....## #
..###.#


You could see 2 gnolls.

Vanquished Creatures
  Grinder (D:3)
  An ogre (D:4)
  3 scorpions
  2 howler monkeys (D:4)
  A hound (D:4)
  2 hound skeletons (D:4)
  Robin (D:3)
  3 adders (D:4)
  2 oozes
  An adder skeleton (D:4)
  A worm (D:2)
  A dart slug (D:1)
  2 leopard geckos
  4 orcs
  A ball python (D:3)
  6 bats
  18 goblins
  5 hobgoblins
  6 jackals
  6 kobolds
  2 quokkas
  2 frilled lizards
  A jackal skeleton (D:4)
  A quokka skeleton (D:4)
  5 rats
78 creatures vanquished.

Notes
Turn   | Place    | Note
-------+----------+-------------------------------------------
     0 | D:1      | Descartes the Deep Elf Wanderer began the quest for the
                  | Orb.
     0 | D:1      | Descartes set off with the following items: a +0 dagger, a
                  | potion of lignification, a +0 robe, a ration; and the
                  | following spells available to memorise: Slow, Magic Dart,
                  | Shock, Blink, Call Imp, Conjure Flame, Mephitic Cloud
     0 | D:1      | Reached XP level 1. HP: 10/10 MP: 10/10
     2 | D:1      | Learned a level 1 spell: Shock
   244 | D:1      | Reached XP level 2. HP: 12/15 MP: 9/12
   379 | D:1      | Reached skill level 1 in Conjurations
   450 | D:1      | Reached skill level 1 in Air Magic
  1241 | D:2      | Reached XP level 3. HP: 19/19 MP: 11/13
  2015 | D:3      | Noticed Robin
  2311 | D:3      | Noticed Grinder
  2953 | D:3      | Learned a level 2 spell: Blink
  2957 | D:3      | Learned a level 3 spell: Mephitic Cloud
  2961 | D:3      | Learned a level 3 spell: Conjure Flame
  2963 | D:3      | Learned a level 1 spell: Magic Dart
  2978 | D:3      | Killed Robin
  2978 | D:3      | Reached XP level 4. HP: 24/24 MP: 9/15
  3092 | D:3      | Paralysed by Grinder for 3 turns
  3097 | D:3      | Killed Grinder
  3097 | D:3      | Reached XP level 5. HP: 28/28 MP: 4/17
  3097 | D:3      | Reached XP level 6. HP: 32/32 MP: 4/18
  3266 | D:3      | Reached skill level 8 in Spellcasting
  3297 | D:3      | Noticed Ijyb
  3497 | D:4      | Found a shadowy altar of Dithmenos.
  3775 | D:4      | Reached XP level 7. HP: 29/36 MP: 13/20
  4124 | D:4      | Gained mutation: You have sharp toenails. [potion of
                  | mutation]
  4124 | D:4      | Gained mutation: Your spells are a little harder to cast,
                  | but a little more powerful. [potion of mutation]
  4475 | D:5      | Entered Level 5 of the Dungeon
  4726 | D:5      | Noticed Sigmund
  4784 | D:6      | Slain by a sky beast

Illustrated notes

Levels and vault maps discovered:
D:1:      dpeg_arrival_ternary, layout_basic
D:2:      layout_rooms
D:3:      kennysheep_the_goblin_king, layout_rooms, uniq_robin, uniq_grinder
D:4:      layout_loops_ring, grunt_dithmenos_smoke_and_mirrors
D:5:      layout_basic, first_ration, uniq_duvessa, uniq_sigmund
D:6:      layout_rooms, vehumet_altar_wand_db,
          minmay_temple_entry_gardened_gates

Skill      XL: |  1  2  3  4  5  6  7 |
---------------+----------------------+-----
Stealth        | 2 3 4 |  4.4
Conjurations   | 1 2 3 |  3.4
Air Magic      | 1 2 3 |  3.1
Shields        | 2 3 |  3.4
Spellcasting   | 8 |  8.4
Hexes          | |  2.6
Necromancy     | |  1.2
Translocations | |  0.2
Evocations     | |  1.1

Action                   |  1- 3 |  4- 6 |  7- 9 || total
-------------------------+-------+-------+-------++-------
Melee: Short sword       |     5 |       |    13 ||    18
 Cast: Shock             |   116 |    84 |    48 ||   248
       Conjure Flame     |       |       |     1 ||     1
  Use: Scroll            |     2 |       |     5 ||     7
       Potion            |       |     1 |     4 ||     5
  Eat: Chunk             |     6 |     2 |     2 ||    10
Armor: Robe              |     9 |     2 |    14 ||    25
Dodge: Dodged            |    16 |    16 |    17 ||    49
